 Dungeon Crawl Stone Soup version 0.30-a0-335-ge5acde7520 (webtiles) character file.

Game seed: 11700988857259113892

73 McGhostyFace the Magician (level 4, -5/32 HPs)
             Began as a Gnoll Hedge Wizard on Oct 30, 2022.
             Killed from afar by an orc wizard (9 damage)
             ... with a magic dart
             ... on level 2 of the Dungeon.
             The game lasted 00:04:11 (1917 turns).

McGhostyFace the Magician (Gnoll Hedge Wizard)      Turns: 1917, Time: 00:04:11

Health: -5/32      AC:  4    Str: 10    XL:     4   Next: 27%
Magic:  6/13       EV: 13    Int: 21    God:
Gold:   69         SH:  5    Dex: 11    Spells: 9/17 levels left

rFire   . . .      SeeInvis .    a - +0 dagger
rCold   . . .      Faith    .    (no shield)
rNeg    . . .      Spirit   .    b - +0 robe
rPois   .          Reflect  +    c - +0 hat
rElec   .          Harm     .    l - +0 cloak
rCorr   .          Rampage  .    (no gloves)
Will    .....                    i - +0 pair of boots
Stlth   ++........               k - amulet of reflection
HPRegen 0.25/turn                m - +6 ring of intelligence
MPRegen 0.13/turn                (no ring)

@: no status effects
A: fangs 1, strong nose, distributed training
a: no special abilities


You were on level 2 of the Dungeon.
You visited 1 branch of the dungeon, and saw 3 of its levels.

You collected 69 gold pieces.

Inventory:

Hand Weapons
 a - a +0 dagger (weapon)
Armour
 b - a +0 robe (worn)
 c - a +0 hat (worn)
 i - a +0 pair of boots (worn)
 l - a +0 cloak (worn)
Magical Staves
 j - a staff of cold
Jewellery
 k - an amulet of reflection (around neck)
 m - a +6 ring of intelligence (left hand)
Scrolls
 e - 7 scrolls of identify {unknown}
 f - a scroll of immolation {unknown}
 g - a scroll of enchant weapon {unknown}
 h - a scroll of amnesia {unknown}
Potions
 d - a potion of magic


   Skills:
 + Level 1.1 Fighting
 + Level 1.1 Short Blades
 + Level 1.1 Long Blades
 + Level 1.1 Axes
 + Level 1.1 Maces & Flails
 + Level 1.1 Polearms
 + Level 1.1 Staves
 + Level 1.1 Ranged Weapons
 + Level 1.1 Throwing
 + Level 1.1 Armour
 + Level 4.6 Dodging
 + Level 4.2 Stealth
 + Level 1.1 Shields
 + Level 1.1 Unarmed Combat
 + Level 7.2 Spellcasting
 + Level 2.2 Conjurations
 + Level 0.9 Hexes
 + Level 2.2 Summonings
 + Level 0.9 Necromancy
 + Level 2.2 Translocations
 + Level 0.9 Transmutations
 + Level 0.9 Fire Magic
 + Level 0.9 Ice Magic
 + Level 0.9 Air Magic
 + Level 0.9 Earth Magic
 + Level 0.9 Poison Magic
 + Level 1.2 Invocations
 + Level 1.1 Evocations


You had 9 spell levels left.
You knew the following spells:

 Your Spells              Type           Power      Damage    Failure   Level
a - Magic Dart            Conj           68%        1d6       3%          1
b - Blink                 Tloc           34%        N/A       5%          2
c - Call Imp              Summ           17%        N/A       5%          2
d - Mephitic Cloud        Conj/Pois/Air  13%        N/A       14%         3

Your spell library contained the following spells:

 Spells                   Type           Power      Damage    Failure   Level
 Slow                     Hex            44%        N/A       6%          1
 Cigotuvi's Dreadful Rot  Necr/Pois/Air  22%        N/A       9%          2
 Hailstorm                Conj/Ice       14%        3d5       14%         3
 Ice Form                 Ice/Tmut       11%        N/A       52%         4
 Simulacrum               Ice/Necr       5%         N/A       100%        6


Dungeon Overview and Level Annotations

Branches:
Dungeon (3/15)

Altars:
Elyvilon

Shops:
D:1 [(


Innate Abilities, Weirdness & Mutations

You have very sharp teeth.
Your uncanny sense of smell can sniff out nearby items.
Your experience applies equally to all skills.


Message History

Something hits you.
The orc priest begins to cast a cantrip, but forgets the words!
Something barely misses you.
There is a stone staircase leading up here.
The orc hits you with a +0 hand axe.
* * * LOW HITPOINT WARNING * * *
You climb upwards.
Reactivating autopickup.
There is a stone staircase leading down here.
You hit the orc. Your bite misses the orc.
The orc is heavily wounded.
Something hits you.
* * * LOW HITPOINT WARNING * * *
Deactivating autopickup; reactivate with Ctrl-A.
The orc closely misses you.
You hit the orc.
You kill the orc!
Something hits you but does no damage. Something completely misses you.
You see here a +0 hand axe.
Something hits you.
* * * LOW HITPOINT WARNING * * *
You hear some strange, mumbled words.
You are confused.
Something hits you but does no damage.
You're too confused to cast spells.
You're too confused to cast spells.
Something hits you.
* * * LOW HITPOINT WARNING * * *
You're too confused to cast spells.
Okay, then.
You bump into the rock wall.
Something hits you.
* * * LOW HITPOINT WARNING * * *
You're too confused to cast spells.
You hear some strange, mumbled words.
Something tries to affect you, but you resist.
You feel less confused.
A magic dart appears from out of thin air!
The magic dart hits you!
You die...

....# #.##.# #.# #......
..#.###########..#.# #.# #.###.(
..#...........##.#.# ##.###.# #.#
..###########.##.#†###...##.###.#
..# #.##.#.....<......... ..##
######.##.#####...######.# ...#
#.........# ##.## #.#
#..#####.###...########.# #.#
................@..(....# #.#
..........#.....#######.# #.#
...##.###.#.....# #.# #.# ...##.#
#.##..{########.# #.# ...##.#
#..........)..#.# #.# ...##.#
####.#.####>#.#.# #.# .####.#
#.#.# #.#.#.# #.# .# #.# #.#.#
#.#.#.# #.. .# #.# #.#.# #.#.#.#
#..


There were no monsters in sight!

Vanquished Creatures
  Crazy Yiuf (D:2)
  An adder (D:2)
  A worm (D:2)
  3 orcs
  2 bats (D:1)
  4 endoplasms
  2 giant cockroaches (D:2)
  5 goblins
  3 hobgoblins
  5 ball pythons
  A frilled lizard (D:2)
  2 kobolds (D:2)
30 creatures vanquished.

Notes
Turn   | Place    | Note
-------+----------+-------------------------------------------
     0 | D:1      | McGhostyFace the Gnoll Hedge Wizard began the quest for the
                  | Orb.
     0 | D:1      | Reached XP level 1. HP: 13/13 MP: 8/8
    65 | D:1      | Found Taed Tuiqe's Armour Emporium.
   340 | D:1      | Found Esonn's Weapon Shoppe.
   725 | D:2      | Reached XP level 2. HP: 19/19 MP: 10/10
   892 | D:2      | Learned a level 2 spell: Blink
   895 | D:2      | Learned a level 2 spell: Call Imp
  1429 | D:2      | Reached XP level 3. HP: 25/25 MP: 4/11
  1534 | D:2      | Reached skill level 1 in Invocations
  1572 | D:2      | Found a white marble altar of Elyvilon.
  1612 | D:2      | Found a runed translucent door.
  1613 | D:2      | Noticed Crazy Yiuf
  1619 | D:2      | Learned a level 3 spell: Mephitic Cloud
  1633 | D:2      | Killed Crazy Yiuf
  1634 | D:2      | Reached skill level 1 in Fighting
  1634 | D:2      | Reached skill level 1 in Short Blades
  1634 | D:2      | Reached skill level 1 in Long Blades
  1634 | D:2      | Reached skill level 1 in Axes
  1634 | D:2      | Reached skill level 1 in Maces & Flails
  1634 | D:2      | Reached skill level 1 in Polearms
  1634 | D:2      | Reached skill level 1 in Staves
  1634 | D:2      | Reached skill level 1 in Ranged Weapons
  1634 | D:2      | Reached skill level 1 in Throwing
  1634 | D:2      | Reached skill level 1 in Armour
  1634 | D:2      | Reached skill level 1 in Shields
  1634 | D:2      | Reached skill level 1 in Unarmed Combat
  1634 | D:2      | Reached skill level 1 in Evocations
  1634 | D:2      | Reached XP level 4. HP: 16/32 MP: 10/13
  1917 | D:2      | Killed from afar by an orc wizard

Illustrated notes

Levels and vault maps discovered:
D:1:      onia_arrival_mini_maze, layout_loops_ring, serial_shops,
          nicolae_shop_hallway_stairs, nicolae_shop_bloodbath_and_beyond
D:2:      layout_loops_ring, basic_altar, uniq_crazy_yiuf_cottage
D:3:      layout_rooms, minitemple, uniq_robin, uniq_natasha, uniq_grinder,
          uniq_ijyb

Skill      XL: |  1  2  3 |
---------------+----------+-----
Conjurations   | 2 |  2.2
Summonings     | 2 |  2.2
Translocations | 2 |  2.2
Invocations    | 1 |  1.2
Fighting       | 1 |  1.1
Short Blades   | 1 |  1.1
Long Blades    | 1 |  1.1
Axes           | 1 |  1.1
Maces & Flails | 1 |  1.1
Polearms       | 1 |  1.1
Staves         | 1 |  1.1
Ranged Weapons | 1 |  1.1
Throwing       | 1 |  1.1
Armour         | 1 |  1.1
Shields        | 1 |  1.1
Unarmed Combat | 1 |  1.1
Evocations     | 1 |  1.1
Dodging        | |  4.6
Stealth        | |  4.2
Spellcasting   | |  7.2
Hexes          | |  0.9
Necromancy     | |  0.9
Transmutations | |  0.9
Fire Magic     | |  0.9
Ice Magic      | |  0.9
Air Magic      | |  0.9
Earth Magic    | |  0.9
Poison Magic   | |  0.9

Action                   |  1- 3 |  4- 6 || total
-------------------------+-------+-------++-------
Melee: Dagger            |    26 |    18 ||    44
       Punch             |     1 |       ||     1
       Bite              |     3 |     2 ||     5
 Cast: Magic Dart        |    43 |    11 ||    54
       Mephitic Cloud    |     1 |       ||     1
 Stab: Sleeping          |     1 |     1 ||     2
       Confused          |     1 |       ||     1
Armor: Robe              |     5 |     8 ||    13
Dodge: Dodged            |    14 |    17 ||    31
Block: Other             |       |     2 ||     2

Table legend: (Time is in decaauts)
 A = Elapsed time spent in this place.
 B = Non-inter-level travel time spent in this place.
 C = Inter-level travel time spent in this place.
 D = Time resting spent in this place.
 E = Time spent auto-exploring this place.
 F = Levels seen in this place.
 G = Mean time per level.
                   A        B        C        D        E       F      G
               +--------+--------+--------+--------+--------+-----+--------+
         Total |   1915 |   1898 |     17 |     80 |   1468 |   3 |  638.3 |
       Dungeon |   1915 |   1898 |     17 |     80 |   1468 |   3 |  638.3 |
               +--------+--------+--------+--------+--------+-----+--------+

Top non-repeatable levels by time:
     D:2: 1193 daAuts
     D:1: 681 daAuts
     D:3: 40 daAuts
